 Dungeon Crawl Stone Soup version 0.15.2 (webtiles) character file.

1283 magipi the Spear-Bearer (level 8, -1/58 HPs)
             Began as a Formicid Abyssal Knight on Feb 6, 2015.
             Was a Priest of Lugonu.
             Succumbed to poison (a potion of poison)
             ... on Level 3 of the Dungeon.
             The game lasted 00:24:53 (6107 turns).

magipi the Spear-Bearer (Formicid Abyssal Knight)   Turns: 6107, Time: 00:24:53

HP  -1/58        AC  6     Str 23      XL: 8   Next: 85%
MP  20/20        EV 13     Int 16      God: Lugonu [***...]
Gold 112         SH  0     Dex 12      Spells:  0 memorised,  7 levels left

rFire  . . .     SeeInvis +     a - +1 trident
rCold  . . .     Clarity  .     p - +0 ring mail
rNeg   . . .     rCorr    .     (no shield)
rPois  .         rRot     .     (helmet unavailable)
rElec  .         Spirit   .     b - +0 cloak
SustAb +         Warding  .     (no gloves)
rMut   .         Stasis   +     (no boots)
Gourm  .                        (no amulet)
MR     .....                    (no ring)
                                e - ring of sustain abilities

@: mighty, brilliant, lethally poisoned, not resistant to hostile enchantments,
very unstealthy
A: permanent stasis, dig shafts and tunnels, four strong arms, antennae 3
a: Dig, Shaft Self, Depart the Abyss, Bend Space, Banish, Renounce Religion


You were on level 3 of the Dungeon.
You worshipped Lugonu.
Lugonu was most pleased with you.
You were very hungry.

You visited 1 branch of the dungeon, and saw 4 of its levels.
You visited the Abyss 1 time.

You collected 112 gold pieces.

Inventory:

Hand weapons
 a - a +1 trident (weapon)
Missiles
 k - 8 tomahawks (quivered)
 q - 18 poisoned needles
Armour
 b - a +0 cloak (worn)
 p - a +0 ring mail (worn)
Comestibles
 c - 3 bread rations
 l - 2 royal jellies
 z - a chunk of bat flesh
Scrolls
 f - 5 scrolls of remove curse
 g - a scroll of identify {unknown}
 i - 3 scrolls of enchant weapon
 n - a scroll of blinking {unknown}
 u - a scroll of fog {unknown}
 x - a scroll of noise {unknown}
Jewellery
 e - a ring of sustain abilities (left hand)
Potions
 h - a potion of flight
 r - a potion of poison
 t - a potion of brilliance
 v - a potion of curing {unknown}
 w - a potion of confusion
Books
 m - a book of Flames

   Spells                             Type                      Level
   Flame Tongue                       Conjuration/Fire             1
   Throw Flame                        Conjuration/Fire             2
   Conjure Flame                      Conjuration/Fire             3
   Inner Flame                        Hexes/Fire                   3
   Sticky Flame                       Conjuration/Fire             4
   Fireball                           Conjuration/Fire             5


   Skills:
 - Level 3.2 Fighting
 + Level 10.5 Polearms
 - Level 2.1 Armour
 - Level 8.1 Dodging
 + Level 7.1 Invocations


You had 7 spell levels left.
You didn't know any spells.

Dungeon Overview and Level Annotations

Branches:
Dungeon (4/15)
 Temple: D:4-7

Altars:
Trog
Yredelemnul
Zin


Innate Abilities, Weirdness & Mutations

Your are under a permanent stasis effect.
You can dig through walls and to a lower floor.
Your four strong arms can wield two-handed weapons with a shield.
You have a pair of large antennae on your head (SInv).

Vault maps used:
D:1:      ncdulo_lavacross
D:2:      first_bread
D:3:      minmay_overflow_temple_star_quad, uniq_natasha, uniq_terence,
          uniq_jessica
D:4:      minmay_close_crescents


Message History

You sense a monster nearby.
Found 15 bolts of flame.
Unknown command.
A worker ant and an orc come into view.
The orc shouts!
You hear an angry hiss.
Found 8 gold pieces.
You puncture the worker ant!
The worker ant is severely wounded.
The worker ant closely misses you.
You closely miss the worker ant.
The worker ant is severely wounded.
The worker ant barely misses you. x2
You hit the worker ant.
The worker ant is almost dead.
The worker ant bites you. The orc hits you but does no damage.
A water moccasin comes into view.
The water moccasin hisses angrily.
The worker ant waves its antennae.
The worker ant closely misses you. The water moccasin bites you!
The water moccasin bites you but does no damage.
You see here an arrow.
The water moccasin barely misses you.
There is a stone staircase leading up here.
The water moccasin bites you.
You climb upwards.
There is a stone staircase leading down here.
You puncture the water moccasin!
The water moccasin is moderately wounded.
The water moccasin bites you.
You are poisoned.
The water moccasin poisons you! The water moccasin barely misses you.
Use which ability? (? or * to list)
Press: ? - help, Shift-Dir - straight line, f - water moccasin
Aim: a water moccasin (moderately wounded)
The water moccasin barely resists.
You feel somewhat more hungry.
You can no longer corrupt the fabric of space.
You feel sick. The water moccasin bites you.
You are more poisoned.
The water moccasin poisons you!
Use which ability? (? or * to list)
Press: ? - help, Shift-Dir - straight line, f/p - water moccasin
Aim: a water moccasin (moderately wounded)
The water moccasin barely resists.
You are feeling hungry.
You feel sick. The water moccasin bites you.
You are more poisoned.
The water moccasin poisons you!
Unknown command.
Use which ability? (? or * to list)
Press: ? - help, Shift-Dir - straight line, f/p - water moccasin
Aim: a water moccasin (moderately wounded)
The water moccasin is devoured by a tear in reality.
Lugonu claims a new guest.
Your Invocations skill increases to level 7!
You are feeling very hungry.
You feel very sick.
Unknown command.
Drink which item? (? for menu, Esc to quit)
Okay, then.
Unknown command.
Unknown command.
Read which item? (? for menu, Esc to quit)
As you read the scroll labeled PSUORI NUFRAB, it crumbles to dust.
You feel aware of your surroundings.
It was a scroll of magic mapping.
* * * LOW HITPOINT WARNING * * *
You feel sick.
Drink which item? (? for menu, Esc to quit)
That liquid tasted very nasty...
You are more poisoned.
It was a potion of poison.
* * * LOW HITPOINT WARNING * * *
You feel very sick.
Drink which item? (? for menu, Esc to quit)
You feel clever all of a sudden.
It was a potion of brilliance.
* * * LOW HITPOINT WARNING * * *
You feel very sick.
Drink which item? (? for menu, Esc to quit)
You are confused.
It was a potion of confusion.
* * * LOW HITPOINT WARNING * * *
You feel very sick.
Drink which item? (? for menu, Esc to quit)
You feel more experienced!
Your Polearms skill gained 5 levels and is now at level 10!
Your Dodging skill gained 8 levels and is now at level 8!
It was a potion of experience.
You have reached level 8!
You feel stronger.
* * * LOW HITPOINT WARNING * * *
You feel sick.
Drink which item? (? for menu, Esc to quit)
You feel very mighty all of a sudden.
It was a potion of might.
You feel less confused.
* * * LOW HITPOINT WARNING * * *
You feel very sick.
Drink which item? (? for menu, Esc to quit)
Magic courses through your body.
It was a potion of magic.
You die...

..####.........###.....#
..# ##.......###....#.#
#.# ##.....###.....#.#
#.# ##...###........#
..# #.......#.....###
########.#.###.##...##
#..........#.###.##
###.####.#.#.#.###.#
....# #.......?@..#
##### #.....#.#####
#....##.# #.......#
#########


There were no monsters in sight!

Table legend:
 A = Kills in this place as a percentage of kills in entire the game.
 B = Kills by you in this place as a percentage of kills by you in the entire game.
 C = Kills by friends in this place as a percentage of kills by friends in the entire game.
 D = Other kills in this place as a percentage of other kills in the entire game.
 E = Experience gained in this place as a percentage of experience gained in the entire game.
 F = Experience gained in this place divided by the number of levels of this place that you have seen.
                   A       B       C       D       E      F
               +-------+-------+-------+-------+-------+----------------------
         Total | 100.0 | 100.0 |  -nan | 100.0 | 100.0 | 187.2
       Dungeon | 100.0 | 100.0 |  -nan | 100.0 | 100.0 | 234.0
               +-------+-------+-------+-------+-------+----------------------

Vanquished Creatures
  2 centaurs
  An orc priest (D:3)
  Natasha (D:3)
  4 orc wizards
  A worker ant (D:4)
  Jessica (D:3)
  Terence (D:3)
  8 adders
  A giant mite (D:1)
  4 worms
  An orc skeleton (D:4)
  2 giant geckos
  An ooze (D:1)
  10 orcs
  A ball python (D:2)
  7 giant cockroaches
  10 goblins
  8 hobgoblins
  6 jackals
  6 kobolds
  2 quokkas
  9 bats
  A giant newt (D:1)
  A jackal skeleton (D:4)
  9 rats
98 creatures vanquished.

Vanquished Creatures (others)
  A water moccasin (D:3)
1 creature vanquished.

Grand Total: 99 creatures vanquished

Notes
Turn   | Place    | Note
--------------------------------------------------------------
     0 | Abyss:1  | magipi, the Formicid Abyssal Knight, began the quest for the Orb.
     0 | Abyss:1  | Reached XP level 1. HP: 18/18 MP: 1/1
     1 | D:1      | Escaped the Abyss
   120 | D:1      | Reached XP level 2. HP: 14/24 MP: 3/3
   522 | D:1      | Acquired Lugonu's first power
   634 | D:1      | Reached XP level 3. HP: 29/29 MP: 6/6
   860 | D:1      | Acquired Lugonu's second power
  1274 | D:2      | Reached XP level 4. HP: 35/35 MP: 8/8
  1512 | D:2      | Reached skill level 4 in Invocations
  2074 | D:3      | Noticed an orc warrior
  2206 | D:3      | Noticed Jessica
  2337 | D:3      | Reached XP level 5. HP: 37/41 MP: 11/11
  2344 | D:3      | Killed Jessica
  2431 | D:3      | Acquired Lugonu's third power
  2780 | D:3      | Noticed a centaur
  2809 | D:3      | HP: 3/61 [centaur (4)]
  2813 | D:3      | Killed a centaur
  2813 | D:3      | Reached skill level 5 in Invocations
  2813 | D:3      | Reached XP level 6. HP: 3/47 MP: 11/13
  4917 | D:3      | Reached skill level 5 in Polearms
  4917 | D:3      | Reached skill level 6 in Invocations
  4917 | D:3      | Reached XP level 7. HP: 9/52 MP: 15/17
  5276 | D:3      | Noticed Terence
  5304 | D:3      | Killed Terence
  5457 | D:3      | Noticed Natasha
  5463 | D:3      | Killed Natasha
  5564 | D:3      | Found a glowing silver altar of Zin.
  5566 | D:3      | Found a basalt altar of Yredelemnul.
  5569 | D:3      | Acquired Lugonu's fourth power
  5576 | D:3      | Found a bloodstained altar of Trog.
  6100 | D:3      | Reached skill level 7 in Invocations
  6105 | D:3      | Reached skill level 10 in Polearms
  6105 | D:3      | Reached XP level 8. HP: 6/58 MP: 7/20
  6106 | D:3      | HP: 1/58 [poison (a potion of poison)]
  6107 | D:3      | Succumbed to poison (a potion of poison)

Action                   |  1- 3 |  4- 6 |  7- 9 || total
-------------------------+-------+-------+-------++-------
Melee: Spear             |   118 |   210 |       ||   328
       Trident           |       |    80 |    72 ||   152
Throw: Tomahawk          |       |    10 |     2 ||    12
Invok: Depart the Abyss  |     1 |       |       ||     1
       Banish            |       |       |     3 ||     3
  Use: Potion            |       |     3 |     6 ||     9
       Scroll            |       |       |     4 ||     4
  Eat: Chunk             |     1 |     7 |       ||     8
       Pizza             |       |     3 |       ||     3
       Bread ration      |       |       |     1 ||     1

Action                   |  1- 3 |  4- 6 |  7- 9 || total
-------------------------+-------+-------+-------++-------
Melee: Spear             |   118 |   210 |       ||   328
       Trident           |       |    80 |    72 ||   152
Throw: Tomahawk          |       |    10 |     2 ||    12
Invok: Depart the Abyss  |     1 |       |       ||     1
       Banish            |       |       |     3 ||     3
  Use: Potion            |       |     3 |     6 ||     9
       Scroll            |       |       |     4 ||     4
  Eat: Chunk             |     1 |     7 |       ||     8
       Pizza             |       |     3 |       ||     3
       Bread ration      |       |       |     1 ||     1

Action                   |  1- 3 |  4- 6 |  7- 9 || total
-------------------------+-------+-------+-------++-------
Melee: Spear             |   118 |   210 |       ||   328
       Trident           |       |    80 |    72 ||   152
Throw: Tomahawk          |       |    10 |     2 ||    12
Invok: Depart the Abyss  |     1 |       |       ||     1
       Banish            |       |       |     3 ||     3
  Use: Potion            |       |     3 |     6 ||     9
       Scroll            |       |       |     4 ||     4
  Eat: Chunk             |     1 |     7 |       ||     8
       Pizza             |       |     3 |       ||     3
       Bread ration      |       |       |     1 ||     1
